 Dungeon Crawl Stone Soup version 0.19.0-23-gf02e663 (webtiles) character file.

112 RKaid the Chopper (level 4, 0/39 HPs)
             Began as a Minotaur Fighter on Nov 19, 2016.
             Slain by Sigmund
             ... wielding a +0 scythe
              (6 damage)
             ... on level 2 of the Dungeon.
             The game lasted 00:01:53 (1043 turns).

RKaid the Chopper (Minotaur Fighter)                Turns: 1043, Time: 00:01:54

Health: 0/39       AC:  6    Str: 26    XL:     4   Next: 63%
Magic:  3/3        EV:  7    Int:  5    God:
Gold:   118        SH: 10    Dex: 10    Spells: 0 memorised, 3 levels left

rFire  . . .     SeeInvis .     a - +0 war axe
rCold  . . .     Gourm    .     b - +0 scale mail
rNeg   . . .     Faith    .     c - +0 shield
rPois  +         Spirit   .     (helmet restricted)
rElec  .         Reflect  .     (no cloak)
rCorr  .         Harm     .     (no gloves)
MR     .....                    (no boots)
Stlth  ..........               (no amulet)
                                (no ring)
                                m - ring of poison resistance {rPois, !d}

@: mighty
A: retaliatory headbutt, horns 2
a: no special abilities


You were on level 2 of the Dungeon.
You were hungry.

You visited 1 branch of the dungeon, and saw 2 of its levels.

You collected 118 gold pieces.

Inventory:

Hand Weapons
 a - a +0 war axe (weapon)
Armour
 b - a +0 scale mail (worn)
 c - a +0 shield (worn)
Jewellery
 m - a ring of poison resistance (left hand) {rPois, !d}
   (You found it on level 2 of the Dungeon)
Scrolls
 e - 2 scrolls of remove curse {unknown}
 g - a scroll of enchant weapon {unknown}
 h - 2 scrolls of recharging {unknown}
 i - a scroll of blinking {unknown}
 k - a scroll of teleportation {unknown}
 r - a scroll of fog {unknown}
Potions
 j - 2 potions of cancellation
 l - a potion of curing {unknown}
 o - a potion of heal wounds {unknown}
 p - a potion of mutation {unknown}
 s - a potion of degeneration {unknown}
Comestibles
 f - a bread ration
 n - a chunk of flesh
 q - a meat ration


   Skills:
 - Level 3.6 Fighting
 + Level 5.9 Axes
 - Level 3.6 Armour
 - Level 3.6 Shields


You had 3 spell levels left.
You didn't know any spells.

Dungeon Overview and Level Annotations

Branches:
Dungeon (2/15)

Altars:

Annotations:
D:2 Sigmund


Innate Abilities, Weirdness & Mutations

You reflexively headbutt those who attack you in melee.
You have a pair of horns on your head.


Message History

The bat barely misses you. You furiously retaliate!
You headbutt the bat!
You kill the bat!
No target in view!
No target in view!
No target in view!
A bat comes into view.
The bat barely misses you.
No target in view!
No target in view!
No target in view!
You block the bat's attack. You block the bat's attack.
You closely miss the bat. You block the bat's attack.
You block the bat's attack.
You hit the bat.
You kill the bat!
No target in view!
Some of the chunks of flesh in your inventory have rotted away.
You now have 118 gold pieces (gained 15).
s - a silvery potion A kobold comes into view.
The kobold shouts!
A kobold is nearby!
A kobold is nearby!
You block the kobold's attack.
You miss the kobold. Your headbutt misses the kobold.
You block the kobold's attack.
You slash the kobold!
You kill the kobold!
Some of the chunks of flesh in your inventory have rotted away.
No target in view!
Found a stone staircase leading up.
Found a stone staircase leading down.
A hobgoblin comes into view. It is wielding a club.
The hobgoblin shouts!
You hear a shout!
You hear an angry hiss.
A worm comes into view.
You see here a scroll labeled QORAEPOEKHLITO.
You block the hobgoblin's attack.
Your shield and scale mail prevent you from hitting the hobgoblin.
Your headbutt misses the hobgoblin. The hobgoblin hits you with a club.
Your scale mail prevents you from hitting the hobgoblin.
The hobgoblin closely misses you.
Your shield and scale mail prevent you from hitting the hobgoblin.
You block the hobgoblin's attack.
A leopard gecko comes into view.
You barely miss the hobgoblin.
The leopard gecko hisses angrily.
Your headbutt misses the hobgoblin.
The hobgoblin hits you but does no damage.
You are feeling hungry.
You barely miss the worm. You headbutt the worm! You barely miss the hobgoblin.
The hobgoblin hits you with a club. You block the worm's attack.
The hobgoblin hits you but does no damage.
Your shield and scale mail prevent you from hitting the worm.
You headbutt the worm. You closely miss the hobgoblin.
The hobgoblin hits you but does no damage.
You slash the worm!
You kill the worm!
You slash the hobgoblin!
You kill the hobgoblin!
Sigmund the Dreaded comes into view.
He is wielding a scythe.
Sigmund gestures at you while chanting. The magic dart hits you!
You closely miss the leopard gecko. You block the leopard gecko's attack.
Sigmund casts a spell.
Sigmund flickers and vanishes!
Deactivating autopickup; reactivate with Ctrl-A.
The leopard gecko bites you but does no damage.
You completely miss the leopard gecko. Your headbutt misses the leopard gecko.
The leopard gecko bites you. You block the leopard gecko's attack.
You closely miss the leopard gecko. Your headbutt misses the leopard gecko.
You block the leopard gecko's attack. Something hits you.
You barely miss the leopard gecko.
The leopard gecko bites you but does no damage.
You hit the leopard gecko. You block the leopard gecko's attack.
Something hits you!
The leopard gecko bites you but does no damage.
Something hits you. The leopard gecko bites you.
* * * LOW HITPOINT WARNING * * *
You slash the leopard gecko!
You kill the leopard gecko!
You slash something! Something hits you but does no damage.
Something completely misses you.
Things that are here:
a scroll labeled QORAEPOEKHLITO; a worm corpse
Okay, then.
Okay, then.
Something hits you.
* * * LOW HITPOINT WARNING * * *
You barely miss something. Something hits you but does no damage.
It was a potion of cancellation.
You feel magically purged.
You feel very mighty all of a sudden. You block something's attack.
You miss something.
Sigmund appears from thin air!
Reactivating autopickup.
Sigmund gestures wildly while chanting.
Sigmund flickers and vanishes!
Deactivating autopickup; reactivate with Ctrl-A.
You slash something! Something hits you.
You die...

### .# #<# .#
###.######.### #
#...##.........#
.####.####.##.####.#####
..)....................>
.####.#######..#.#.####
.......#.......#.#
#####..#.####{##@######.
#..# #....{.)...... #
###..# #.##.#.#######
###....# ..........
..#....#.##........#
#.#....# #+#.#.#..#
#..##..# .........#
##.##..#........#.##
..............###?#


There were no monsters in sight!

Vanquished Creatures
  Ijyb (D:2)
  Terence (D:2)
  Robin (D:2)
  2 dart slugs
  A worm (D:2)
  2 leopard geckos
  3 bats (D:2)
  A giant cockroach (D:2)
  13 goblins
  7 hobgoblins
  2 kobolds
  A quokka (D:2)
  3 frilled lizards
  2 rats
40 creatures vanquished.

Notes
Turn   | Place    | Note
-------+----------+-------------------------------------------
     0 | D:1      | RKaid the Minotaur Fighter began the quest for the Orb.
     0 | D:1      | Reached XP level 1. HP: 19/19 MP: 0/0
     6 | D:1      | Noticed a swamp worm
     6 | D:1      | Noticed a polar bear
     7 | D:1      | Noticed a killer bee
    20 | D:1      | Reached skill level 3 in Axes
    95 | D:1      | Reached XP level 2. HP: 24/26 MP: 1/1
   656 | D:2      | Noticed Terence
   662 | D:2      | Killed Terence
   662 | D:2      | Reached skill level 4 in Axes
   662 | D:2      | Reached XP level 3. HP: 29/31 MP: 2/2
   668 | D:2      | Noticed Ijyb
   677 | D:2      | Killed Ijyb
   677 | D:2      | Reached skill level 5 in Axes
   677 | D:2      | Reached XP level 4. HP: 35/39 MP: 3/3
   724 | D:2      | Noticed Robin
   752 | D:2      | Killed Robin
  1023 | D:2      | Noticed Sigmund
  1038 | D:2      | HP: 5/39 [something (6)]
  1043 | D:2      | Slain by Sigmund

Skill      XL: |  1  2  3 |
---------------+----------+-----
Axes           | 3 4 5 |  5.9
Fighting       | |  3.6
Armour         | |  3.6
Shields        | |  3.6

Action                   |  1- 3 |  4- 6 || total
-------------------------+-------+-------++-------
Melee: War axe           |    48 |    47 ||    95
       Headbutt          |     4 |     4 ||     8
  Use: Potion            |       |     2 ||     2
Armor: Scale mail        |    22 |    21 ||    43
Dodge: Dodged            |    14 |    13 ||    27
Block: Shield            |    16 |    31 ||    47

Vault maps used:
D:1:      onia_arrival_zoo_common, minmay_pentomino_r2
D:2:      cheibrodos_helix_gallery, uniq_iyjb, uniq_sigmund, uniq_terence,
          uniq_robin

Table legend:
 A = Turns spent in this place as a percentage of turns spent in the entire game.
 B = Non-inter-level travel turns spent in this place as a percentage of non-inter-level travel turns spent in the entire game.
 C = Inter-level travel turns spent in this place as a percentage of turns spent in this place.
 D = Turns resting spent in this place as a percentage of non-inter-level travel turns spent in this place.
 E = Turns spent auto-exploring this place as a percentage of non-inter-level travel turns spent in this place.
 F = Non-inter-level travel turns spent in this place divided by the number of levels of this place that you've seen.
                   A       B       C       D       E      F
               +-------+-------+-------+-------+-------+----------------------
         Total | 100.0 | 100.0 |   0.3 |   0.6 |  13.3 | 180.5
       Dungeon | 100.0 | 100.0 |   0.3 |   0.6 |  13.3 | 180.5
               +-------+-------+-------+-------+-------+----------------------

Table legend:
 A = Kills in this place as a percentage of kills in entire the game.
 B = Kills by you in this place as a percentage of kills by you in the entire game.
 C = Kills by friends in this place as a percentage of kills by friends in the entire game.
 D = Other kills in this place as a percentage of other kills in the entire game.
 E = Experience gained in this place as a percentage of experience gained in the entire game.
 F = Experience gained in this place divided by the number of levels of this place that you have seen.
                   A       B       C       D       E      F
               +-------+-------+-------+-------+-------+----------------------
         Total | 100.0 | 100.0 |  -nan |  -nan | 100.0 |  80.0
       Dungeon | 100.0 | 100.0 |  -nan |  -nan | 100.0 |  80.0
               +-------+-------+-------+-------+-------+----------------------
